Unix NetHack Version 5.0.0-0 post-release - last build Jun 10 2026 00:39:30 (3ee93aec679c4c4259841fe613dc97188e26a321,branch:main).

Game began 2026-06-17 22:27:44, ended 2026-06-18 21:47:45.

Felix1, neutral male gnomish Wizard

       -------------
       |...........|
       |...........|                      ---------------
       |...........-##                    |.............|
       ---.--------- ##########          #-.............|
          ##                  #          #|.............|
           ####               #######   ##------.--------
              #               --------  #       #
              #               |......|  #       #
              ###            #.......|###       ###                      -----
            ----.--    #######|.......#           #                      .%..|
            |.....| ####      |......|       -----|-                     |...|
            |......####       |......|#######-..)...######     ###       ....|
            |.....|   #       |......|#      |.....|#####      ##        |.a.|
            -------   ##      --------#      |.....|#   #  -----#########.@.%|
                       #### ###########      |<....|#   #  |...|#        -----
                          ###                |Z....|#   ###....|#
                            ##               -------#      |....#
                                             ########      -----

Felix1 the Conjurer       St:13 Dx:13 Co:16 In:19 Wi:7 Ch:9  Neutral
Dlvl:6  $:205 HP:0(26) Pw:0(0) AC:9  Xp:4 T:2450 

Latest messages:
 The door opens.
 You find a hidden passage.
 You hit the giant rat!
 You knock the giant rat backward with a forceful strike!
 The giant rat bites!
 You hit the giant rat.
 The giant rat bites!
 You miss the giant rat.
 The giant rat bites!
 You miss the giant rat.
 The giant rat bites!
 You kill the giant rat!
 You hit the floating eye.
 You kill the floating eye!
 You find a hidden door.
 The door opens.
 You see here a dark potion.
 H - a dark potion.
 The door resists!
 The door opens.
 The iguana bites!
 You hit the iguana.
 The iguana bites!
 You kill the iguana!
 You see here an iguana corpse.
 There is an iguana corpse here; eat it? [ynq] (n) y
 This iguana corpse is gamey.
 You finish eating the iguana corpse.
 You hit the red mold!
 You miss the red mold.
 You kill the red mold!
 You feel foolish!
 You haven't been paying attention.
 You see here an egg.
 The giant ant bites!
 The giant ant bites!
 The giant ant bites!
 You miss the giant ant.
 The giant ant bites!
 The giant ant bites!
 You hit the giant ant!
 The giant ant bites!
 You miss the giant ant.
 The giant ant bites!
 The giant ant bites!
 You miss the giant ant.
 The giant ant bites!
 You die...
 Do you want your possessions identified? [ynq] (y) y
 Do you want to see your attributes? [ynq] (y) q

Inventory:
 Coins    ('$')
  $ - 205 gold pieces
 Weapons  (')')
  a - a blessed +1 quarterstaff (weapon in hands)
 Armor    ('[')
  b - an uncursed +0 cloak of magic resistance (being worn)
 Comestibles  ('%')
  r - an uncursed food ration
  G - an uncursed food ration
 Scrolls  ('?')
  z - an uncursed scroll of enchant weapon
  C - an uncursed scroll of enchant weapon
  i - 3 uncursed scrolls of light
  F - an uncursed scroll of light
  A - an uncursed scroll of magic mapping
  j - a blessed scroll of remove curse
  x - an uncursed scroll of scare monster
 Spellbooks  ('+')
  B - an uncursed spellbook of detect unseen
  k - a blessed spellbook of force bolt
  l - an uncursed spellbook of stone to flesh
 Potions  ('!')
  H - an uncursed potion of blindness
  u - a blessed potion of booze
  f - an uncursed potion of confusion
  s - 2 uncursed potions of extra healing
  o - 2 uncursed potions of gain energy
  D - an uncursed potion of gain energy
  v - 3 uncursed potions of healing
  E - a cursed potion of healing
  g - an uncursed potion of object detection
  q - a cursed potion of see invisible
  w - an uncursed potion of water
 Rings    ('=')
  e - an uncursed ring of conflict
  d - an uncursed ring of stealth
 Wands    ('/')
  c - a wand of slow monster (0:8)
  y - a wand of speed monster (0:4)
 Tools    ('(')
  p - an uncursed blindfold
  m - a magic marker (0:19)
  n - an uncursed skeleton key

Felix1 the Wizard's attributes:

Background:
 You were a Conjurer, a level 4 male gnomish Wizard.
 You were neutral, nominally on a mission for Thoth
 who was opposed by Ptah (lawful) and Anhur (chaotic).
 You were right-handed.
 You were in the Dungeons of Doom, on level 6.
 You entered the dungeon 2450 turns ago.
 You had 148 experience points, 12 more were needed to attain level 5.

Basics:
 You had 0 out of 26 hit points.
 You had no energy points (spell power).
 Your armor class was 9.
 Your wallet contained 205 zorkmids.
 Autopickup was off.

Final Characteristics:
 Your strength was 13 (limit:18/50).
 Your dexterity was 13 (limit:18).
 Your constitution was 16 (limit:18).
 Your intelligence was 19 (limit:19).
 Your wisdom was 7 (peak:8, limit:18).
 Your charisma was 9 (limit:18).

Final Status:
 You weren't hungry.
 You were unencumbered.
 You were wielding a quarterstaff.
 You had basic skill with quarterstaff.

Final Attributes:
 You were devoutly aligned.
 You were magic-protected.
 You were telepathic.
 You had infravision.
 You were warded.
 You are dead.

Miscellaneous:
 You encountered 1 bones level.
 Total elapsed playing time was 25 minutes and 18 seconds.

Major events:
 Turn
    1: Felix1 the neutral male gnomish Wizard entered the dungeon
  868: attained the rank of Conjurer (level 3)
  955: entered the Gnomish Mines
 2450: killed by a giant ant

Spells:
 Name                 Level Category     Fail Retention
 force bolt             1   attack         0%   81%-90%
 stone to flesh         3   healing       72%  76%-100%

Skills:
 Fighting Skills
   bare handed combat [Unskilled]
   riding             [Unskilled]
 Weapon Skills
   dagger             [Unskilled]
   knife              [Unskilled]
   axe                [Unskilled]
   short sword        [Unskilled]
   club               [Unskilled]
   mace               [Unskilled]
   quarterstaff       [Basic]
   polearms           [Unskilled]
   spear              [Unskilled]
   trident            [Unskilled]
   sling              [Unskilled]
   dart               [Unskilled]
   shuriken           [Unskilled]
 Spellcasting Skills
   attack spells      [Basic]
   healing spells     [Unskilled]
   divination spells  [Unskilled]
   enchantment spells [Basic]
   clerical spells    [Unskilled]
   escape spells      [Unskilled]
   matter spells      [Unskilled]

Voluntary challenges:
 Character rerolling was not enabled.
 You were an atheist.
 You were illiterate.
 You never genocided any monsters.
 You never polymorphed an object.
 You never changed form.
 You used no wishes.
Achievements:
 You entered a shop.
 You attained the rank of Conjurer.
 You entered the Gnomish Mines.

 The Dungeons of Doom: levels 1 to 6
    Level 1:
       A fountain.
    Level 2:
       A general store, a fountain.
       Stairs down to The Gnomish Mines.
    Level 3:
       A general store.
    Level 4:
    Level 5:
    Level 6: <- You were here.
       Final resting place for
          you, killed by a giant ant,
          pots164-Kni-Hum-Mal-Law, slipped while mounting a saddled pony.
 The Gnomish Mines:
    Level 3:


Vanquished creatures:
  a fog cloud
  3 floating eyes
  a homunculus
  a hill orc
 an iguana
 an acid blob
  a hobbit
  4 giant rats
  a yellow mold
  a green mold
  a red mold
  3 geckos
  2 jackals
  2 kobolds
  3 goblins
  a sewer rat
 10 grid bugs
  2 lichens
  a kobold zombie
  2 newts
42 creatures vanquished.

No species were genocided or became extinct.

Game over:
                       ----------
                      /          \
                     /    REST    \
                    /      IN      \
                   /     PEACE      \
                  /                  \
                  |      Felix1      |
                  |      205 Au      |
                  |   killed by a    |
                  |    giant ant     |
                  |                  |
                  |                  |
                  |       2026       |
                 *|     *  *  *      | *
        _________)/\\_//(\/(/\)/\//\/|_)_______

Goodbye Felix1 the Wizard...

You died in The Dungeons of Doom on dungeon level 6 with 1027 points,
and 205 pieces of gold, after 2450 moves.
You were level 4 with a maximum of 26 hit points when you died.

